 Dungeon Crawl Stone Soup version 0.27.1 (webtiles) character file.

Game seed: 4480012124318260186

102 nxtlvl the Ruffian (level 4, 0/44 HPs)
             Began as a Troll Abyssal Knight on Sept 4, 2021.
             Was a Believer of Lugonu.
             Slain by a gnoll (5 damage)
             ... on level 4 of the Dungeon.
             The game lasted 00:04:09 (683 turns).

nxtlvl the Ruffian (Troll Abyssal Knight)            Turns: 683, Time: 00:04:10

Health: 0/44       AC:  4    Str: 20    XL:     4   Next: 50%
Magic:  4/4        EV: 13    Int:  9    God:    Lugonu [**....]
Gold:   45         SH:  0    Dex:  9    Spells: 3/3 levels left

rFire    . . .     SeeInvis .     - Unarmed
rCold    + . .     Faith    .   (no shield)
rNeg     . . .     Spirit   .   a - +0 robe
rPois    .         Reflect  .   (helmet restricted)
rElec    .         Harm     .   (no cloak)
rCorr    .         Rampage  .   (gloves unavailable)
Will     .....                  (boots unavailable)
Stlth    +.........             (no amulet)
HPRegen  1.14/turn              d - +4 ring of evasion
MPRegen  0.09/turn              f - ring of protection from cold

@: no status effects
A: large, unfitting armour, claws 3, regeneration 1, shaggy fur 1, tough skin 1
a: Renounce Religion, Depart the Abyss, Bend Space


You were on level 4 of the Dungeon.
You worshipped Lugonu.
Lugonu was pleased with you.
You visited 1 branch of the dungeon, and saw 4 of its levels.
You visited the Abyss 1 time.

You collected 45 gold pieces.

Inventory:

Missiles
 h - 12 poisoned darts (quivered)
Armour
 a - a +0 robe (worn)
Jewellery
 d - a +4 ring of evasion (left claw)
 f - a ring of protection from cold (right claw)
Scrolls
 c - a scroll of acquirement {unknown}
 e - a scroll of blinking {unknown}
 g - a scroll of fear {unknown}
 i - a scroll of enchant weapon {unknown}
Potions
 b - a potion of magic {unknown}


   Skills:
 - Level 2.4 Fighting
 - Level 1.9 Dodging
 * Level 4.8 Unarmed Combat
 - Level 1.5 Invocations


You had 3 spell levels left.
You didn't know any spells.
Your spell library was empty.

Dungeon Overview and Level Annotations

Branches:
Dungeon (4/15)
 Temple: D:4-7

Altars:
Kikubaaqudgha
Makhleb
Wu Jian
Xom
The Shining One


Innate Abilities, Weirdness & Mutations

You are too large for most types of armour.
You have claws for hands.
Your natural rate of healing is unusually fast.
You are covered in fur. (AC +1)
You have tough skin. (AC +1)


Message History

The gnoll is moderately wounded.
The gnoll hits you from afar with a +0 spear. x2
You scratch the gnoll.
The gnoll is almost dead.
The gnoll closely misses you. The gnoll barely misses you.
You claw the gnoll!
You kill the gnoll!
Lugonu accepts your kill.
The gnoll hits you from afar with a +0 spear. x2
You claw the gnoll!
The gnoll is heavily wounded.
The gnoll hits you but does no damage. The gnoll closely misses you.
You closely miss the gnoll.
The gnoll is heavily wounded.
The gnoll barely misses you.
The gnoll hits you from afar with a +0 spear.
The gnoll hits you with a +0 club.
You barely miss the gnoll.
The gnoll is heavily wounded.
The gnoll misses you. x2; The gnoll hits you but does no damage.
You claw the gnoll!
You kill the gnoll!
Lugonu accepts your kill. The gnoll hits you but does no damage.
The gnoll hits you from afar with a +0 spear!
* * * LOW HITPOINT WARNING * * *
The gnoll closely misses you.
The gnoll hits you from afar with a +0 spear.
* * * LOW HITPOINT WARNING * * *
Things that are here:
a +0 flail; an orc corpse You claw the gnoll!
The gnoll is almost dead.
The gnoll hits you from afar with a +0 spear!
* * * LOW HITPOINT WARNING * * *
You claw the gnoll!
You kill the gnoll!
Lugonu accepts your kill.
The gnoll hits you from afar with a +0 spear.
You die...

### # ## ##.#####
.#.## #......##
##..... #.......#
#.$.#.. #.g....##
#......##).....#
#...@#....##
###..###g.#
#..###..## ##.
#...#....# ....
...##...g## .....
...###.#...####..gg.
.............#......
..#...###.#.g.......g
#..# #.....).....#


You could see a gnoll.

Vanquished Creatures
  6 gnolls
  An adder (D:3)
  A dart slug (D:1)
  2 orcs (D:4)
  4 bats
  An endoplasm (D:3)
  2 giant cockroaches
  9 goblins
  6 hobgoblins
  2 ball pythons (D:1)
  A frilled lizard (D:2)
  3 kobolds (D:1)
  3 rats
41 creatures vanquished.

Notes
Turn   | Place    | Note
-------+----------+-------------------------------------------
     0 | Abyss:1  | nxtlvl the Troll Abyssal Knight began the quest for the
                  | Orb.
     0 | Abyss:1  | Reached XP level 1. HP: 22/22 MP: 1/1
    16 | D:1      | Escaped the Abyss
   197 | D:1      | Reached XP level 2. HP: 29/29 MP: 2/2
   310 | D:1      | Reached skill level 3 in Unarmed Combat
   424 | D:3      | Reached ** piety under Lugonu
   454 | D:3      | Found an ancient bone altar of Kikubaaqudgha.
   464 | D:3      | Reached XP level 3. HP: 32/36 MP: 3/3
   490 | D:3      | Found a glowing golden altar of the Shining One.
   509 | D:3      | Reached skill level 4 in Unarmed Combat
   540 | D:3      | Found a burning altar of Makhleb.
   561 | D:3      | Reached XP level 4. HP: 41/44 MP: 4/4
   627 | D:3      | Found an ornate altar of the Wu Jian Council.
   627 | D:3      | Found a shimmering altar of Xom.
   683 | D:4      | Slain by a gnoll

Illustrated notes

Levels and vault maps discovered:
D:1:      ebering_hopf_link, layout_loops_corners,
          shapermc_ecumenical_altar_mp_urbaneastern, columned_hall_lemuel
D:2:      layout_basic, minmay_joined_circles, uniq_natasha
D:3:      kennysheep_the_goblin_king, layout_loops_ring,
          nicolae_hepliaklqana_hazy_memory, gammafunk_temple_overflow_statue,
          nicolae_tso_carved_into_rock, nicolae_kikubaaqudgha_miasma_corner,
          bloody_makhleb
D:4:      kennysheep_kobold_camp, layout_cave_pools,
          cheibrodos_sewer_entry_sluice

Skill      XL: |  1  2  3 |
---------------+----------+-----
Unarmed Combat | 3 4 |  4.8
Fighting       | |  2.4
Dodging        | |  1.9
Invocations    | |  1.5

Action                   |  1- 3 |  4- 6 || total
-------------------------+-------+-------++-------
Melee: Unarmed           |    66 |    26 ||    92
       Punch             |     1 |       ||     1
Armor: Robe              |    15 |     4 ||    19
Dodge: Dodged            |    34 |    21 ||    55
